 Dungeon Crawl Stone Soup version 0.32-a0-861-g165e151e72 (webtiles) character file.

Game seed: 15139005931684022908

139049 Kenran the Brawler (level 16, 0/140 (175) HPs)
             Began as a Minotaur Ice Elementalist on Mar 28, 2024.
             Was a Follower of Uskayaw.
             Slain by a culicivora (17 damage)
             ... led by a broodmother
             ... on level 2 of the Spider Nest.
             The game lasted 00:50:47 (34951 turns).

Kenran the Brawler (Minotaur Ice Elementalist)     Turns: 34951, Time: 00:50:48

HP:   0/140 (175)   AC: 27    Str: 23 (25) XL:     16   Next: 72%
MP:   24/24         EV:  8    Int:  7 (12) God:    Uskayaw [*.....]
Gold: 502           SH:  0    Dex:  7 (11) Spells: 16/17 levels left

rFire   + +          .
                       - Unarmed
rCold   + . .        (no shield)
rNeg    . . .        t - +0 plate armour
rPois   +            Q - +1 hat
rElec   .            U - +1 cloak {rPois}
rCorr   +            J - +0 pair of gloves
SInv    .            A - +2 pair of boots {rampage}
Will    +....        w - amulet of Mimysit {Faith ^Drain rF+ rC+ rCorr} Stlth
                     G - ring "Huogip" {rPois HP+13 Str+4}
HPRegen 0.43/turn    C - ring of protection from fire
MPRegen 0.19/turn

%: rampage, faith
@: studying Fighting, heavily drained
A: horns 2, retaliatory headbutt
a: Renounce Religion, Stomp


You were on level 2 of the Spider Nest.
You worshipped Uskayaw.
Uskayaw was pleased with you.
You visited 5 branches of the dungeon, and saw 25 of its levels.
You also visited: Bailey, Gauntlet and Volcano.

You collected 2074 gold pieces.
You spent 1572 gold pieces at shops.

Inventory:

Hand Weapons
 P - the +3 greatsling "Punk" {acid, rCorr}
   (You took it off an orc knight on level 10 of the Dungeon)

   rCorr:     It protects you from acid and corrosion.
Armour
 t - a +0 plate armour (worn)
 A - a +2 pair of boots of rampaging (worn)
 J - a +0 pair of gloves (worn)
 Q - a +1 hat (worn)
 U - a +1 cloak of poison resistance (worn)
Jewellery
 g - a ring of resist corrosion
 w - the amulet of Mimysit (around neck) {Faith ^Drain rF+ rC+ rCorr}
   (You acquired it on level 2 of the Orcish Mines)

   [amulet of faith]

   Faith:     It allows you to gain divine favour quickly.
   rF+:       It protects you from fire.
   rC+:       It protects you from cold.
   rCorr:     It protects you from acid and corrosion.
   ^Drain:    It drains your maximum health when unequipped.
 C - a ring of protection from fire (right hand)
 G - the ring "Huogip" (left hand) {rPois HP+13 Str+4}
   (You bought it in a shop on level 6 of the Dungeon)

   [ring of poison resistance]

   Str+4:     It affects your strength (+4).
   rPois:     It protects you from poison.
   HP+13:     It affects your health (+13).
 N - a ring of see invisible
 V - a ring of protection from cold
Wands
 h - a wand of digging (2)
 m - a wand of warping (15)
 y - a wand of paralysis (10)
 F - a wand of acid (12)
 H - a wand of polymorph (10)
 K - a wand of mindburst (31)
 M - a wand of flame (18)
Scrolls
 c - 2 scrolls of fear
 d - 5 scrolls of revelation
 e - 5 scrolls of poison {!r}
 k - 4 scrolls of blinking
 n - a scroll of enchant armour
 o - 9 scrolls of teleportation
 r - 2 scrolls of silence
 s - 3 scrolls of fog
 v - 4 scrolls of immolation {!r}
 B - a scroll of butterflies
 S - a scroll of identify {@r1}
Potions
 b - 6 potions of magic
 f - 5 potions of resistance
 i - 2 potions of curing {@q1}
 j - 5 potions of lignification {!q}
 l - 2 potions of ambrosia
 q - 5 potions of attraction {!q}
 u - 3 potions of heal wounds {@q2}
 x - a potion of enlightenment
 D - 6 potions of haste
 E - 3 potions of invisibility
 I - 4 potions of mutation {!q}
 L - 2 potions of might
 R - 2 potions of berserk rage {!q}
Miscellaneous
 a - a phantom mirror
 p - a box of beasts
 z - a phial of floods
 O - a lightning rod (4/4)


   Skills:
 - Level 20.0 Fighting
 + Level 16.9 Armour
 - Level 5.0 Dodging
 - Level 1.5 Stealth
 - Level 20.0 Unarmed Combat
 - Level 1.3 Spellcasting
 - Level 2.9 Ice Magic
 + Level 12.9 Invocations
 - Level 4.0 Evocations


You had 16 spell levels left.
You knew the following spells:

 Your Spells              Type           Power      Damage    Failure   Level
a - Freeze                Ice            16%        1d4       67%         1

Your spell library contained the following spells:

 Spells                   Type           Power      Damage    Failure   Level
 Ensorcelled Hibernation  Hex/Ice        4%         N/A       94%         2
 Frozen Ramparts          Ice            8%         1d2       95%         3
 Ozocubu's Armour         Ice            4%         N/A       95%         3
 Foxfire                  Conj/Fire      0%         2x1d4     97%         1
 Magic Dart               Conj           0%         1d3       97%         1
 Necrotise                Necr           0%         1d4       97%         1
 Blink                    Tloc           0%         N/A       99%         2
 Cigotuvi's Dreadful Rot  Necr/Alch/Air  0%         N/A       99%         2
 Jinxbite                 Hex            0%         N/A       99%         2
 Lesser Beckoning         Tloc           0%         N/A       99%         2
 Momentum Strike          Conj/Tloc      0%         3d8       99%         2
 Scorch                   Fire           0%         2d5       99%         2
 Searing Ray              Conj           0%         2d4       99%         2
 Hailstorm                Conj/Ice       2%         3d5       99%         3
 Summon Ice Beast         Ice/Summ       2%         N/A       99%         3
 Dazzling Flash           Conj/Hex       0%         N/A       100%        3
 Fugue of the Fallen      Necr           0%         N/A       100%        3
 Inner Flame              Hex/Fire       0%         N/A       100%        3
 Passwall                 Erth           0%         N/A       100%        3
 Stone Arrow              Conj/Erth      0%         3d7       100%        3
 Swiftness                Air            0%         N/A       100%        3
 Tukima's Dance           Hex            0%         N/A       100%        3
 Vampiric Draining        Necr           0%         2d6       100%        3
 Volatile Blastmotes      Fire/Tloc      0%         2d10      100%        3
 Flame Wave               Conj/Fire      0%         2d4       100%        4
 Fulminant Prism          Conj/Alch      0%         3d5       100%        4
 Ignite Poison            Fire/Alch      0%         N/A       100%        4
 Martyr's Knell           Necr/Summ      0%         N/A       100%        4
 Maxwell's Portable Pile  Tloc           0%         2d(5-10)  100%        4
 Passage of Golubria      Tloc           0%         N/A       100%        4
 Alistair's Intoxication  Alch           0%         N/A       100%        5
 Arcjolt                  Conj/Air       0%         1d10      100%        5
 Curse of Agony           Necr           0%         N/A       100%        5
 Freezing Cloud           Conj/Ice/Air   0%         6-21      100%        5
 Irradiate                Conj/Alch      0%         3d11      100%        5
 Metabolic Englaciation   Hex/Ice        1%         N/A       100%        5
 Yara's Violent Unravell  Hex/Alch       0%         3d3       100%        5
 Eringya's Noxious Bog    Alch           0%         4d6       100%        6
 Permafrost Eruption      Ice/Erth       1%         2x4d2     100%        6
 Plasma Beam              Fire/Air       0%         2x1d10    100%        6
 Sculpt Simulacrum        Ice/Alch       1%         N/A       100%        6
 Starburst                Conj/Fire      0%         6d3       100%        6
 Summon Cactus Giant      Summ           0%         N/A       100%        6
 Manifold Assault         Tloc           0%         N/A       100%        7
 Orb of Destruction       Conj           0%         9d5       100%        7
 Ignition                 Fire           0%         3d3       100%        8
 Maxwell's Capacitive Co  Air            0%         ∞         100%        8


Dungeon Overview and Level Annotations

Branches:
Dungeon (15/15)            Temple (1/1) D:4            Lair (5/5) D:8
 Shoals (0/4) Lair:3       Spider (2/4) Lair:2        Slime (0/5) Lair:4
    Orc (2/2) D:10            Elf (0/3) Orc:2        Vaults (0/5) D:13
 Depths (0/4) D:15         Bailey (visited)         Volcano (visited)
Gauntlet (visited)

Altars:
Ashenzari
Cheibriados
Dithmenos
Elyvilon
Fedhas
Gozag
Hepliaklqana
Kikubaaqudgha
Makhleb
Nemelex Xobeh
Okawaru
Qazlal
Ru
Sif Muna
Trog
Uskayaw
Vehumet
Wu Jian
Xom
Yredelemnul
Zin
The Shining One
Beogh
Jiyva

Shops:
D:2 **[(   D:6 =   D:10 *   Orc:2 (??=

Annotations:
D:4 3 runed translucent doors, hattey's ghost, amateur HuWn
Lair:1 3 runed translucent doors, HourglassMan's ghost, journeyman GrEE
Lair:4 exclusion: oklob plant


Innate Abilities, Weirdness & Mutations

You have a pair of horns on your head.
You reflexively headbutt those who attack you in melee.


Message History

The jorogumo hits you but does no damage. x2
As you read the scroll of fear, it crumbles to dust.
You assume a fearsome visage.
The jorogumo looks frightened!
The web tears apart.
As you read the scroll of teleportation, it crumbles to dust.
You feel strangely unstable.
You are caught in the web!
There is a web here.
You disentangle yourself.
Your surroundings suddenly seem different.
A broodmother, a culicivora and 2 tarantellas come into view.
Found a scroll of blinking, a potion of magic and a ring of poison resistance.
Found a stone staircase leading down.
The tarantella's many legs skitter faintly.
The culicivora's many legs skitter faintly.
The tarantella's many legs skitter faintly.
The culicivora barely misses you.
As you read the scroll of fear, it crumbles to dust.
You assume a fearsome visage.
The broodmother looks frightened!
The tarantella looks frightened!
The culicivora looks frightened!
The tarantella looks frightened!
There is a stone staircase leading down here.
Found a stone staircase leading down.
Cornered, the culicivora turns to fight!
You miss the culicivora. Your headbutt misses the culicivora.
The culicivora bites you.
* * * LOW HITPOINT WARNING * * *
The culicivora draws strength from your injuries!
You closely miss the culicivora. The culicivora bites you.
* * * LOW HITPOINT WARNING * * *
The culicivora draws strength from your injuries!
You barely miss the culicivora. You headbutt the culicivora.
Your punch misses the culicivora.
The culicivora is lightly wounded.
You closely miss the culicivora.
You punch the culicivora, but do no damage.
The culicivora is lightly wounded.
The culicivora bites you!
You die...
Your body falls in perfect tune with the rhythm.

.....#..........
>..........✳...#
...........#.### #
...............#
.#...✳..#......#....##
..........#....##....#
..........#...###...##
.........#....#.s..✳.#
..##......##✳#..@...##
........✳# ##.#.....#
.........#### #.....#
#..........#####.....#
#......#.†...#......##
......✳.††.#.✳..#..##
.........†.......✳.#
............[.....##
...#.#....#.......#


You could see a culicivora.

Vanquished Creatures
  Jorgrun (Orc:2)
  A sphinx (D:15)
  Gastronok (D:11)
  An orc warlord (Orc:2)
  4 ghost moths
  A minotaur (Gauntlet)
  A spark wasp (Spider:1)
  11 hydras
  Fannar (D:12)
  An ice dragon (Lair:5)
  A jorogumo (Spider:1)
  Erica (D:11)
  3 ogre magi (Orc:2)
  6 boulder beetles
  5 two-headed ogres
  7 centaur warriors
  6 death yaks (Lair:3)
  13 demonic crawlers
  A deep troll earth mage (D:15)
  An orc high priest (Orc:2)
  2 pharaoh ants
  A skyshark (Lair:3)
  A swamp dragon (Lair:5)
  5 skeletal warriors (D:14)
  3 orb spiders
  4 arcanists
  9 orc knights
  2 obsidian bats
  3 steelbarb worms
  2 deep elf archers (Volcano)
  7 orc sorcerers (Orc:2)
  3 manticores
  10 deep elf pyromancers
  The ghost of onwiheg the Basher, a novice FoFi (D:6)
  2 ugly things (D:10)
  5 cyclopes
  8 wolf spiders
  12 elephants
  2 moths of wrath (Spider:1)
  An ice statue (Gauntlet)
  A black mamba (shapeshifter) (D:15)
  A guardian serpent (Lair:5)
  18 black mambas
  Jeremiah (D:7)
  17 cane toads
  6 torpor snails
  8 rime drakes
  A gargoyle (D:13)
  8 komodo dragons
  A kobold demonologist (D:10)
  6 yaktaurs (D:15)
  2 tengu conjurers (D:9)
  A queen bee (shapeshifter) (D:15)
  2 hornets (Lair:5)
  13 trolls
  7 tarantellas
  A polar bear (Lair:4)
  7 dream sheep (Lair:3)
  17 blink frogs
  A snapping turtle (Lair:3)
  16 slime creatures
  7 jumping spiders
  4 culicivoras
  A vampire (D:12)
  A wraith (D:11)
  5 basilisks
  A water elemental (Lair:3)
  6 fire elementals (Volcano)
  43 yaks
  13 wyverns
  A ynoxinul (Gauntlet)
  7 wargs
  15 redbacks
  Grum (D:9)
  6 steam dragons
  A vampire mosquito (D:10)
  An acid dragon (Lair:5)
  31 water moccasins
  4 hell hounds (Volcano)
  25 orc warriors
  4 black bears
  A swamp drake (Lair:5)
  2 ice beasts
  11 ogres
  5 boggarts (D:15)
  A laughing skull (D:10)
  18 wolves
  6 centaurs
  A phantom (D:5)
  11 bullfrogs
  A gnoll sergeant (D:10)
  6 scorpions
  6 wights
  13 killer bees
  5 electric eels
  3 bombardier beetles (D:5)
  3 jellies
  14 orc priests
  3 gnoll boudas
  2 iron imps (Gauntlet)
  8 iguanas
  Natasha (thrice) (D:2)
  36 orc wizards
  Robin (D:3)
  10 gnolls
  9 adders
  2 white imps
  2 ufetubi (D:5)
  5 ribbon worms
  94 orcs
  9 bats (D:3)
  2 endoplasms
  2 giant cockroaches
  17 goblins
  17 hobgoblins
  4 jackals (D:2)
  6 kobolds
  10 ball pythons
  4 frilled lizards
  3 rats
818 creatures vanquished.

Vanquished Creatures (others)
  A wolf spider (Spider:2)
  2 orc wizards
3 creatures vanquished.

Grand Total: 821 creatures vanquished

Notes
Turn   | Place    | Note
-------+----------+-------------------------------------------
     0 | D:1      | Kenran the Minotaur Ice Elementalist began the quest for
                  | the Orb.
     0 | D:1      | Reached XP level 1. HP: 14/14 MP: 1/1
   107 | D:1      | Reached skill level 1 in Unarmed Combat
   660 | D:2      | Reached XP level 2. HP: 11/16 MP: 3/3
   803 | D:2      | Found Jaunut's Antique Armour Shoppe.
   813 | D:2      | Found an ancient bone altar of Kikubaaqudgha.
   860 | D:2      | Found Tusotiq's Assorted Antiques.
   866 | D:2      | Found Veucigau's Assorted Antiques.
   883 | D:2      | Found Zodgheukk's Weapon Shoppe.
   929 | D:2      | Reached XP level 3. HP: 24/25 MP: 4/4
  1063 | D:2      | Noticed Natasha
  1071 | D:2      | Killed Natasha
  1072 | D:2      | Reached XP level 4. HP: 25/33 MP: 5/5
  1421 | D:2      | Found an ancient bone altar of Kikubaaqudgha.
  1432 | D:2      | Found Jaunut's Antique Armour Shoppe.
  1650 | D:2      | Found Tusotiq's Assorted Antiques.
  1662 | D:2      | Found Zodgheukk's Weapon Shoppe.
  1676 | D:2      | Found Veucigau's Assorted Antiques.
  2173 | D:2      | Found an ancient bone altar of Kikubaaqudgha.
  2173 | D:2      | Found Jaunut's Antique Armour Shoppe.
  2355 | D:2      | Found Zodgheukk's Weapon Shoppe.
  2360 | D:2      | Noticed Natasha
  2374 | D:2      | Killed Natasha
  2380 | D:2      | Found Veucigau's Assorted Antiques.
  2386 | D:2      | Found Tusotiq's Assorted Antiques.
  2515 | D:2      | Noticed Natasha
  2520 | D:2      | Killed Natasha
  2521 | D:2      | Reached skill level 5 in Unarmed Combat
  2829 | D:3      | Reached XP level 5. HP: 38/38 MP: 6/6
  2871 | D:3      | Identified the +1 helmet of the Sky {Rampage ^Drain Str+4
                  | Dex+8}
  2871 | D:3      | Noticed Robin
  2886 | D:3      | Killed Robin
  2887 | D:3      | Reached skill level 1 in Fighting
  3132 | D:3      | Found an ancient bone altar of Kikubaaqudgha.
  3526 | D:4      | Reached XP level 6. HP: 41/48 MP: 7/7
  3988 | D:4      | You fall into a shaft and drop 3 floors!
  4017 | D:7      | Noticed a yak
  4025 | D:7      | Killed a yak
  4026 | D:7      | Reached XP level 7. HP: 39/55 MP: 8/8
  4029 | D:7      | Noticed a yak
  4029 | D:7      | Noticed a yak
  4029 | D:7      | Noticed a yak
  4033 | D:7      | Killed a yak
  4037 | D:7      | Killed a yak
  4233 | D:7      | Noticed a steam dragon
  4520 | D:6      | Reached XP level 8. HP: 50/61 MP: 9/9
  4589 | D:6      | Found Zufryech's One-of-a-Kind Rings.
  4785 | D:6      | Reached skill level 1 in Armour
  4785 | D:6      | Reached skill level 10 in Unarmed Combat
  4946 | D:6      | Found a sparkling altar of Nemelex Xobeh.
  4967 | D:6      | Found a blossoming altar of Fedhas.
  5041 | D:5      | Entered Level 5 of the Dungeon
  5093 | D:5      | Found a shimmering altar of Xom.
  5229 | D:5      | Reached skill level 5 in Fighting
  5229 | D:5      | Reached skill level 5 in Armour
  5360 | D:4      | Found a runed translucent gate.
  5360 | D:4      | Found a runed translucent gate.
  5360 | D:4      | Found a runed translucent gate.
  5500 | D:4      | Found a staircase to the Ecumenical Temple.
  5507 | Temple   | Entered the Ecumenical Temple
  5522 | Temple   | Became a worshipper of Uskayaw the Reveller
  5543 | D:4      | Reached * piety under Uskayaw
  5780 | D:4      | Found a white marble altar of Elyvilon.
  5897 | D:4      | Noticed hattey's ghost (amateur HuWn)
  6028 | D:4      | Reached ** piety under Uskayaw
  6256 | D:5      | Reached XP level 9. HP: 74/74 MP: 10/10
  6339 | D:5      | Reached *** piety under Uskayaw
  6440 | D:5      | Found a glowing golden altar of the Shining One.
  7879 | D:6      | Found a runed translucent gate.
  7879 | D:6      | Noticed onwiheg's ghost (novice FoFi)
  7880 | D:6      | Found a runed translucent gate.
  7881 | D:6      | Found a runed translucent gate.
  7881 | D:6      | Found a roughly hewn altar of Beogh.
  7884 | D:6      | Identified the +3 chain mail of Beogh's Supremacy {MP+9
                  | Dex+3}
  8184 | D:7      | Reached **** piety under Uskayaw
  8188 | D:7      | Reached ***** piety under Uskayaw
  8357 | D:7      | Reached skill level 1 in Evocations
  9008 | D:8      | Noticed Jeremiah
  9025 | D:7      | Killed Jeremiah
  9246 | D:8      | Found a staircase to the Lair.
  9257 | D:8      | Reached XP level 10. HP: 87/88 MP: 11/11
  9340 | D:8      | Found a flagged portal.
  9349 | Bailey   | Entered a bailey
  9812 | D:8      | Found a sacrificial altar of Ru.
 10026 | D:9      | Noticed a two-headed ogre
 10034 | D:9      | Killed a two-headed ogre
 10035 | D:9      | Reached skill level 10 in Fighting
 10324 | D:9      | Noticed Grum
 10337 | D:9      | Killed Grum
 10594 | D:9      | Found a broken altar of Ashenzari.
 10800 | D:9      | Found an opulent altar of Gozag.
 10895 | D:9      | Noticed a two-headed ogre
 10904 | D:9      | Killed a two-headed ogre
 11192 | D:9      | Found the sphere of Battle
 11554 | D:10     | Entered Level 10 of the Dungeon
 11787 | D:10     | Found Ytuemno's General Store.
 11795 | D:10     | Bought a scroll of identify for 28 gold pieces
 11795 | D:10     | Bought a scroll of identify for 28 gold pieces
 11795 | D:10     | Bought a potion of heal wounds for 70 gold pieces
 11912 | D:10     | Noticed a two-headed ogre
 11920 | D:10     | Killed a two-headed ogre
 11921 | D:10     | Reached skill level 10 in Armour
 11921 | D:10     | Reached skill level 1 in Invocations
 11921 | D:10     | Reached XP level 11. HP: 84/99 MP: 12/12
 11943 | D:10     | Reached ****** piety under Uskayaw
 12068 | D:10     | Got the Secrets of Incorporation
 12068 | D:10     | Noticed a centaur warrior
 12078 | D:10     | Killed a centaur warrior
 12078 | D:10     | Noticed an arcanist
 12083 | D:10     | Killed an arcanist
 12086 | D:10     | Noticed a purple ugly thing
 12091 | D:10     | Noticed a white ugly thing
 12106 | D:10     | Noticed a six-headed hydra
 12108 | D:10     | Killed a red ugly thing
 12111 | D:10     | Noticed a deep elf pyromancer
 12114 | D:10     | Killed a white ugly thing
 12117 | D:10     | Killed a six-headed hydra
 12117 | D:10     | HP: 3/99 [deep elf pyromancer/bolt of fire (10)]
 12705 | D:10     | Reached skill level 5 in Invocations
 12833 | D:10     | Found a staircase to the Orcish Mines.
 13022 | D:10     | Identified the +7 glaive of Uxyth {flame, rPois rC+}
 13022 | D:10     | Noticed an orc knight
 13196 | Lair:1   | Entered Level 1 of the Lair of Beasts
 13784 | Lair:1   | Reached XP level 12. HP: 63/108 MP: 14/14
 14109 | Lair:1   | Found a runed translucent gate.
 14110 | Lair:1   | Found a runed translucent gate.
 14110 | Lair:1   | Noticed HourglassMan's ghost (journeyman GrEE)
 14110 | Lair:1   | Noticed an 11-headed hydra
 14111 | Lair:1   | Found a runed translucent gate.
 14271 | Lair:1   | Noticed a four-headed hydra
 14279 | Lair:1   | Killed a four-headed hydra
 14540 | Lair:2   | Found a dark tunnel.
 14568 | Volcano  | Entered a volcano
 14641 | Volcano  | Reached skill level 15 in Unarmed Combat
 14988 | Volcano  | Identified the +0 fire dragon scales of Indemnity {rF++ rC-
                  | Dex+3 SInv}
 15102 | Lair:2   | Found a hole to the Spider Nest.
 15327 | Lair:2   | Noticed an eight-headed hydra
 15335 | Lair:2   | Killed an eight-headed hydra
 15659 | Lair:2   | Found a snail-covered altar of Cheibriados.
 15668 | Lair:2   | Reached XP level 13. HP: 116/118 MP: 17/17
 16755 | Lair:3   | Reached skill level 10 in Invocations
 16778 | Lair:3   | HP: 4/118 [cane toad (17)]
 18020 | Lair:3   | Found a staircase to the Shoals.
 18300 | Lair:4   | Found a viscous altar of Jiyva.
 18300 | Lair:4   | Found a staircase to the Slime Pits.
 18828 | Lair:4   | Reached XP level 14. HP: 110/126 MP: 20/20
 19683 | Lair:4   | Found the +1 robe of Vines {NoPotionHeal Regen++++}
 19926 | Lair:5   | Entered Level 5 of the Lair of Beasts
 21816 | D:6      | Bought the ring "Huogip" {rPois HP+13 Str+4} for 718 gold
                  | pieces
 21985 | Lair:5   | Got the Exposition on Alchemical Glamour
 22785 | D:10     | Identified the staff of Cowardice {rF+ Summ Earth}
 22954 | D:10     | Found an iron altar of Okawaru.
 22961 | D:10     | Found a radiant altar of Vehumet.
 22964 | D:10     | Found a shadowy altar of Dithmenos.
 22964 | D:10     | Found a snail-covered altar of Cheibriados.
 22971 | D:10     | Found an ornate altar of the Wu Jian Council.
 23097 | D:11     | Noticed Gastronok
 23108 | D:11     | Killed Gastronok
 23219 | D:11     | Noticed Erica
 23232 | D:11     | Killed Erica
 23233 | D:11     | Reached skill level 15 in Armour
 23735 | D:11     | Reached XP level 15. HP: 133/136 MP: 22/22
 23979 | D:12     | Noticed Fannar
 23998 | D:12     | Killed Fannar
 24027 | D:12     | Found a gate leading to a gauntlet.
 24418 | Gauntlet | Entered a Gauntlet
 24418 | Gauntlet | Found a transporter.
 24418 | Gauntlet | Found a transporter.
 24419 | Gauntlet | Found a transporter.
 24420 | Gauntlet | Found a transporter.
 24420 | Gauntlet | Found a transporter.
 24423 | Gauntlet | Found a transporter.
 24430 | Gauntlet | Found a transporter.
 24431 | Gauntlet | Found a transporter.
 24432 | Gauntlet | Found a transporter.
 24434 | Gauntlet | Found a transporter.
 24438 | Gauntlet | Found a runed translucent door.
 24440 | Gauntlet | Found a runed translucent door.
 24442 | Gauntlet | Found a transporter.
 24442 | Gauntlet | Found a transporter.
 24619 | Gauntlet | Identified the ring of Res Nullius {rC- rN++ AC+4 Str+4}
 24801 | Gauntlet | Identified the -1 cloak of Tartarus {Str+3 Dex+6}
 24898 | Gauntlet | Identified the +1 chain mail of the Shining One's Fury
                  | {rElec rC+ Int+3 Stlth-}
 24901 | Gauntlet | Got Eclisa's Omnibus of the Tick
 25658 | D:13     | Found a gate to the Vaults.
 26813 | D:14     | Found a white marble altar of Elyvilon.
 27471 | D:15     | Entered Level 15 of the Dungeon
 27862 | D:15     | Noticed a sphinx
 27873 | D:15     | Killed a sphinx
 27966 | D:15     | Found a staircase to the Depths.
 28443 | D:15     | Identified the +5 scale mail of Sanatiex {MP+9 Int+5}
 28561 | D:15     | Reached skill level 15 in Fighting
 28914 | Orc:1    | Entered Level 1 of the Orcish Mines
 29553 | Orc:2    | Entered Level 2 of the Orcish Mines
 29553 | Orc:2    | Noticed Jorgrun
 29563 | Orc:2    | Killed Jorgrun
 29605 | Orc:2    | Found a staircase to the Elven Halls.
 29891 | Orc:2    | Reached XP level 16. HP: 116/155 MP: 24/24
 30254 | Orc:2    | Found Gingiq Ikoi's Jewellery Shoppe.
 30289 | Orc:2    | Found a radiant altar of Vehumet.
 30381 | Orc:2    | Found an ancient bone altar of Kikubaaqudgha.
 30458 | Orc:2    | Found Weoffex's Antique Weapon Emporium.
 30487 | Orc:2    | Found a roughly hewn altar of Beogh.
 30488 | Orc:2    | Found Jygrocluj's Magic Scroll Shoppe.
 30506 | Orc:2    | Found Deom's Magic Scroll Emporium.
 30518 | Orc:2    | Bought a scroll of acquirement for 728 gold pieces
 30679 | Orc:2    | Acquired the amulet of Mimysit {Faith ^Drain rF+ rC+ rCorr}
 30941 | Spider:1 | Entered Level 1 of the Spider Nest
 33163 | Spider:1 | Identified the +3 chain mail of True Grit {rElec rF- rN++}
 33167 | Spider:1 | Identified the +6 shortbow "Impbane" {heavy, +Blink}
 33898 | D:6      | Killed onwiheg's ghost
 33912 | D:6      | Identified the +0 pair of boots of the Illusory Wonders
                  | {rN+}
 34472 | Spider:2 | Reached skill level 5 in Dodging
 34518 | Spider:2 | Found the +3 Mad Mage's Maulers {Infuse+∞ VampMP -Cast}
 34882 | Spider:2 | Paralysed by a jorogumo for 3 turns
 34886 | Spider:2 | Paralysed by a jorogumo for 3 turns
 34887 | Spider:2 | HP: 7/146 [jorogumo (3)]
 34951 | Spider:2 | Slain by a culicivora

Illustrated notes

Levels and vault maps discovered:
D:1:      elethiomel_arrival_maze, layout_rooms
D:2:      layout_basic, serial_shops, shop, nicolae_shop_behind_doors,
          nicolae_shop_dealshenge, shop, basic_altar, uniq_natasha
D:3:      layout_basic, kiku_gazebo_pond_becter, roderic_batcave, uniq_robin
D:4:      layout_layer_cave, lemuel_doored_altar, minmay_temple_entry_junction,
          gammafunk_ghost_nasty_kobolds
D:5:      layout_basic, mainiacjoe_overflow_small_starburst, pf_just_have_faith
D:6:      layout_basic, mainiacjoe_overflow_swirl, biasface_ghost_orc_armoury,
          nicolae_shop_unique_rings, nicolae_hexahallways,
          chequers_serial_rivers_room_b
D:7:      layout_loops_ring
D:8:      layout_cave_pools, kennysheep_mini, david_lair_generic,
          enter_bailey_3, uniq_jeremiah
D:9:      layout_basic, nicolae_ashenzari_panopticon, grunt_gozag_breadcrumbs,
          kennysheep_cross_room, minmay_misc_feat_ornament,
          hellmonk_guarded_unrand_sphere_of_battle, uniq_grum
D:10:     minmay_the_grid_four_pointed_star_mashed
          [minmay_the_grid_triangle_9x9_thin_v,
          minmay_the_grid_triangle_9x9_intruding_spiral,
          minmay_the_grid_triangle_9x9_swiss_cheese,
          minmay_the_grid_triangle_9x9_descending_squares,
          minmay_the_grid_prize_trominoes], layout_basic,
          nicolae_overflow_hallway_of_the_gods, serial_shops,
          nicolae_shop_advertising_works [nicolae_subvault_shop_adworks],
          nicolae_the_louvre
D:11:     layout_small_grid, uniq_gastronok, uniq_erica
D:12:     layout_irregular_city, gauntlet_entry_generic, hangedman_decor_points,
          kennysheep_cluttered_room, uniq_fannar
D:13:     layout_long_grid, david_vaults_1
D:14:     layout_cave_pods, elyvilon_altar_5
D:15:     hellmonk_depths_entry_around_the_bend, layout_loops_ring,
          grunt_decor_clamped
Temple:   hellmonk_temple_of_storms
Lair:1:   layout_regular_city, gammafunk_ghost_hydra_chop, minmay_hedge_maze,
          dreamdust_gnoll_shepherd, serial_bayou_shore_b,
          infiniplex_staircase_pool
Lair:2:   layout_gridlike, spider_nest_entry_web_field,
          nicolae_volcano_entry_lava_flow, kennysheep_snail_temple
Lair:3:   layout_cave_pods, minmay_shoals_entry_hut, minmay_shattered_shrine,
          infiniplex_staircase_pool_2, serial_bayou_shore_b
Lair:4:   layout_roguey, minmay_slime_entry_pillars, wad_woods_river_04,
          hellmonk_guarded_unrand_vines, serial_bayou_shore_a
Lair:5:   hangedman_lair_tendril_chambers, layout_regular_city,
          guppyfry_lair_end_dragon
Spider:1: layout_chambers, worms_lemuel
Spider:2: layout_spider_delve, nicolae_spider_world_wide_web
Orc:1:    cheibrodos_orc_bank, layout_diamond_mine
Orc:2:    kennysheep_orc_mage_school, layout_diamond_mine, uniq_jorgrun

Skill      XL: |  1  2  3  4  5  6  7  8  9 10 11 12 13 14 15 16 |
---------------+-------------------------------------------------+-----
Unarmed Combat | 1 3 4 5 6 8 9 10 12 14 16 17 18 20 | 20.0
Fighting       | 2 5 7 10 12 13 17 20 | 20.0
Armour         | 5 10 12 14 15 16 | 16.9
Evocations     | 4 |  4.0
Invocations    | 1 5 7 10 11 12 | 12.9
Dodging        | 5 |  5.0
Stealth        | |  1.5
Spellcasting   | |  1.3
Ice Magic      | |  2.9

Action                     |  1- 3 |  4- 6 |  7- 9 | 10-12 | 13-15 | 16-18 || total
---------------------------+-------+-------+-------+-------+-------+-------++-------
  Melee: Unarmed           |    39 |       |   238 |   540 |  1220 |   370 ||  2407
         Headbutt          |     9 |    25 |    40 |   116 |   322 |    79 ||   591
         Whip              |    31 |   146 |    39 |       |       |       ||   216
         Punch             |       |       |    18 |    39 |   140 |    51 ||   248
 Invoke: Grand Finale      |       |       |       |     1 |       |       ||     1
  Evoke: Wand              |       |       |     3 |       |       |       ||     3
    Use: Scroll            |     2 |     2 |     8 |    12 |    10 |     6 ||    40
         Potion            |       |     2 |     1 |     5 |     7 |     1 ||    16
   Stab: Paralysed         |       |       |     2 |    40 |   105 |    29 ||   176
 Armour: Robe              |    14 |       |       |       |       |       ||    14
         Chain mail        |    55 |   150 |    48 |       |       |       ||   253
         Plate armour      |       |       |   167 |   567 |   917 |   610 ||  2261
  Dodge: Dodged            |    32 |    79 |    92 |   176 |   286 |   134 ||   799
  Block: Other             |       |       |       |    70 |   186 |     9 ||   265
         Reflection        |       |       |       |       |     8 |       ||     8

Table legend: (Time is in decaauts)
 A = Elapsed time spent in this place.
 B = Non-inter-level travel time spent in this place.
 C = Inter-level travel time spent in this place.
 D = Time resting spent in this place.
 E = Time spent auto-exploring this place.
 F = Levels seen in this place.
 G = Mean time per level.
                   A        B        C        D        E       F      G
               +--------+--------+--------+--------+--------+-----+--------+
         Total |  34485 |  32670 |   1815 |  10430 |  16483 |  28 | 1231.6 |
       Dungeon |  19225 |  18060 |   1165 |   4564 |  10653 |  15 | 1281.7 |
        Temple |     30 |      2 |     28 |      0 |      0 |   1 |   30.0 |
          Lair |   9850 |   9462 |    388 |   4148 |   3567 |   5 | 1970.0 |
   Spider Nest |   2487 |   2410 |     77 |    984 |    992 |   2 | 1243.5 |
  Orcish Mines |   1801 |   1645 |    156 |    231 |   1048 |   2 |  900.5 |
        Bailey |    104 |    104 |      0 |     44 |     33 |   1 |  104.0 |
       Volcano |    494 |    494 |      0 |    278 |     47 |   1 |  494.0 |
      Gauntlet |    490 |    490 |      0 |    178 |    143 |   1 |  490.0 |
               +--------+--------+--------+--------+--------+-----+--------+

Top non-repeatable levels by time:
  Lair:3: 2461 daAuts
  Lair:5: 2420 daAuts
  Lair:2: 2250 daAuts
     D:2: 2238 daAuts
    D:10: 2069 daAuts
     D:6: 1805 daAuts
Spider:1: 1690 daAuts
     D:7: 1569 daAuts
     D:9: 1543 daAuts
  Lair:4: 1426 daAuts
     D:4: 1349 daAuts
  Lair:1: 1291 daAuts
    D:15: 1269 daAuts
     D:5: 1178 daAuts
   Orc:2: 1169 daAuts
